 Dungeon Crawl Stone Soup version 0.22.1-6-g1668fe2c40 (webtiles) character file.

777223 Gunterle the Portalist (level 27, -4/223 HPs)
             Began as a Halfling Warper on Jan 23, 2019.
             Was the Champion of Ashenzari.
             Succumbed to poison (dark miasma)
             ... in the Vestibule of Hell on Jan 26, 2019.
             The game lasted 20:54:42 (117695 turns).

Gunterle the Portalist (Halfling Warper)          Turns: 117695, Time: 20:54:46

Health: -4/223     AC: 23    Str: 12      XL:     27
Magic:  20/41      EV: 35    Int: 20 (22) God:    Ashenzari [******]
Gold:   2321       SH: 19    Dex: 17 (18) Spells: 2/54 levels left

rFire    + + .     SeeInvis +   w - +8 autumn katana {slice, Clar}
rCold    + . .     Gourm    +   e - +3 shield {reflect} (curse)
rNeg     + + +     Faith    .   q - +5 faerie dragon scales {+Blink rF+ rN+++ rCorr Int-2} (curse)
rPois    .         Spirit   .   U - +0 helmet {SInv} (curse)
rElec    +         Reflect  +   T - +1 cloak of Starlight {rElec rC+ EV+4 Stlth--} (curse)
rCorr    +         Harm     .   u - +2 pair of gloves {archery} (curse)
MR       ++++.     Clarity  +   h - +2 pair of boots {run} (curse)
Stlth    ..........             g - amulet "Codim" {Gourm MR+ Slay+3} (curse)
HPRegen  0.47/turn              C - ring "Jiuqeps" {rF+ Slay+5} (curse)
MPRegen  0.27/turn              B - ring of Feascheyc {MR+ Int+4} (curse)

@: lethally poisoned (-4 -> -53), very slightly contaminated, slowed, studying
Evocations, very slow
A: small, mutation resistance 1, robust 1
}: 5/15 runes: decaying, slimy, silver, abyssal, gossamer
a: Curse Item, Scrying, Transfer Knowledge, Renounce Religion, Evoke Blink


You were in the Vestibule of Hell.
You worshipped Ashenzari.
Ashenzari was exalted by your worship.
You were very hungry.

You visited 16 branches of the dungeon, and saw 68 of its levels.
You visited the Abyss 5 times.
You visited 2 bazaars.
You also visited: Trove, Ice Cave and Volcano.

You collected 8988 gold pieces.
You spent 6667 gold pieces at shops.

Inventory:

Hand Weapons
 i - a +7 fustibalus of flaming
 w - the +8 autumn katana (weapon) {slice, Clar}
   (You acquired it on level 3 of the Lair of Beasts)

   It inflicts extra damage upon your enemies.
   It protects you against confusion.
Missiles
 n - 1097 stones
 o - 150 sling bullets
 J - a tomahawk (quivered)
Armour
 e - a cursed +3 shield of reflection (worn)
 h - a cursed +2 pair of boots of running (worn)
 q - the cursed +5 faerie dragon scales (worn) {+Blink rF+ rN+++ rCorr Int-2}
   (You took it off the Enchantress on level 5 of the Depths)

   It affects your intelligence (-2).
   It protects you from fire.
   It renders you almost immune to negative energy.
   It lets you blink.
   It provides partial protection from all sources of acid and corrosion.
   It has a curse placed upon it.
 u - a cursed +2 pair of gloves of archery (worn)
 R - a +2 buckler of cold resistance
 T - the cursed +1 cloak of Starlight (worn) {rElec rC+ EV+4 Stlth--}
   (You found it on level 1 of the Spider Nest)

   It affects your evasion (+4).
   It protects you from cold.
   It insulates you from electricity.
   It makes you much less stealthy.
   It has a curse placed upon it.
 U - a cursed +0 helmet of see invisible (worn)
Jewellery
 g - the cursed amulet "Codim" (around neck) {Gourm MR+ Slay+3}
   (You found it on level 5 of the Pits of Slime)

   [amulet of the gourmand]

   It allows you to eat raw meat even when not hungry.
   It affects your accuracy and damage with ranged weapons and melee attacks
   (+3).
   It affects your resistance to hostile enchantments.
   It has a curse placed upon it.
 B - the cursed ring of Feascheyc (right hand) {MR+ Int+4}
   (You took it off a deep elf knight on level 3 of the Elven Halls)

   [ring of protection from magic]

   It affects your intelligence (+4).
   It affects your resistance to hostile enchantments.
   It has a curse placed upon it.
 C - the cursed ring "Jiuqeps" (left hand) {rF+ Slay+5}
   (You bought it in a shop in a bazaar)

   [ring of protection from fire]

   It affects your accuracy and damage with ranged weapons and melee attacks
   (+5).
   It protects you from fire.
   It has a curse placed upon it.
Wands
 b - a wand of iceblast (48)
 j - a wand of scattershot (9)
 k - a wand of acid (7)
 r - a wand of digging (100)
 s - a wand of disintegration (7)
 D - a wand of clouds (1)
Scrolls
 c - 3 scrolls of immolation
 d - a scroll of blinking
 l - 6 scrolls of magic mapping
 p - 11 scrolls of fog
 t - 2 scrolls of silence
 F - 23 scrolls of identify
 K - 12 scrolls of teleportation
 P - 2 scrolls of remove curse
 X - 5 scrolls of fear
 Y - 2 scrolls of summoning
Potions
 v - 6 potions of cancellation
 z - 10 potions of brilliance
 A - 12 potions of curing
 E - 7 potions of flight
 G - 2 potions of haste
 H - a potion of invisibility
 N - 2 potions of resistance
 O - a potion of heal wounds
 Z - 4 potions of ambrosia
Books
 m - a manual of Evocations
Miscellaneous
 x - a phial of floods
 y - a lightning rod (4/4)
 I - a fan of gales (inert)
 L - a lamp of fire
 M - 6 boxes of beasts
 Q - a crystal ball of energy
 V - 7 sacks of spiders
Comestibles
 f - 67 rations


   Skills:
 + Level 20.6 Fighting
 + Level 16.6 Long Blades
 + Level 20.4(22.5) Slings
 - Level 12.8(15.7) Throwing
 - Level 8.5 Armour
 + Level 18.9(22.5) Dodging
 - Level 18.7(21.0) Shields
 * Level 14.2 Spellcasting
 - Level 3.5(7.6) Hexes
 - Level 13.2(17.3) Charms
 - Level 10.6(14.8) Summonings
 - Level 5.2(9.6) Necromancy
 * Level 24.0(27) Translocations
 * Level 9.8(14.1) Earth Magic
 - Level 10.0(14.3) Evocations


You had 2 spell levels left.
You knew the following spells:

 Your Spells              Type           Power        Failure   Level  Hunger
a - Blink                 Tloc           N/A          0%          2    None
b - Shroud of Golubria    Chrm/Tloc      #######...   0%          2    None
c - Borgnjor's Vile Clut  Necr/Erth      ######....   1%          5    ###....
d - Lesser Beckoning      Tloc           #######...   0%          3    None
e - Gell's Gravitas       Tloc           #######...   0%          3    None
f - Passage of Golubria   Tloc           N/A          0%          4    None
g - Infusion              Chrm           ####         0%          1    None
h - Song of Slaying       Chrm           ######..     0%          2    None
i - Apportation           Tloc           ######       0%          1    None
j - Regeneration          Chrm/Necr      ######....   1%          3    None
k - Portal Projectile     Hex/Tloc       ######       0%          3    None
l - Malign Gateway        Summ/Tloc      #######...   1%          7    ######.
m - Controlled Blink      Tloc           N/A          1%          8    #######
n - Disjunction           Tloc           #######...   1%          8    #######

Your spell library contained the following spells:

 Spells                   Type           Power        Failure   Level  Hunger
 Summon Butterflies       Summ           ######..     0%          1    None
 Summon Small Mammal      Summ           ####         0%          1    None
 Animate Skeleton         Necr           N/A          1%          1    None
 Confusing Touch          Hex            #####.       1%          1    None
 Corona                   Hex            #####..      1%          1    None
 Pain                     Necr           ####         1%          1    None
 Call Imp                 Summ           ######..     1%          2    None
 Corpse Rot               Necr           N/A          1%          2    None
 Ensorcelled Hibernation  Hex/Ice        ####..       1%          2    None
 Slow                     Hex            #####...     1%          2    None
 Sublimation of Blood     Necr           ######....   1%          2    None
 Swiftness                Chrm/Air       ######..     1%          2    None
 Beastly Appendage        Tmut           ###...       4%          1    None
 Flame Tongue             Conj/Fire      ###..        4%          1    None
 Freeze                   Ice            ###.         4%          1    None
 Magic Dart               Conj           ###.         4%          1    None
 Shock                    Conj/Air       ###.         4%          1    None
 Sting                    Conj/Pois      ###.         4%          1    None
 Poisonous Vapours        Pois/Air       ###...       7%          2    None
 Searing Ray              Conj           ###...       7%          2    None
 Sticks to Snakes         Tmut           ###.....     7%          2    None
 Throw Frost              Conj/Ice       ###...       7%          2    None
 Recall                   Summ/Tloc      N/A          0%          3    None
 Teleport Other           Tloc           #######.     0%          3    None
 Dispersal                Tloc           #######...   0%          6    #####..
 Call Canine Familiar     Summ           ######..     1%          3    None
 Confuse                  Hex            #####...     1%          3    None
 Spectral Weapon          Hex/Chrm       ######..     1%          3    None
 Stone Arrow              Conj/Erth      #####.       1%          3    None
 Summon Guardian Golem    Hex/Summ       ######..     1%          3    None
 Tukima's Dance           Hex            #####...     1%          3    None
 Vampiric Draining        Necr           ######....   1%          3    None
 Animate Dead             Necr           N/A          1%          4    None
 Force Lance              Conj/Tloc      ######..     1%          4    None
 Leda's Liquefaction      Hex/Erth       ######....   1%          4    None
 Excruciating Wounds      Chrm/Necr      ######....   1%          5    ###....
 Summon Forest            Summ/Tloc      #######...   1%          5    ###....
 Summon Mana Viper        Hex/Summ       ######..     1%          5    ###....
 Cause Fear               Hex            #####.....   2%          4    None
 Summon Ice Beast         Ice/Summ       #####...     2%          4    None
 Summon Lightning Spire   Summ/Air       #####...     2%          4    None
 Shadow Creatures         Summ           N/A          2%          6    #####..
 Dazzling Spray           Conj/Hex       ####..       3%          3    None
 Inner Flame              Hex/Fire       ####....     3%          3    None
 Petrify                  Tmut/Erth      #####...     3%          4    None
 Agony                    Necr           ######..     3%          5    ###....
 Dispel Undead            Necr           ######..     3%          5    ###....
 Iskenderun's Battlesphe  Conj/Chrm      ######..     4%          5    ###....
 Fulminant Prism          Conj/Hex       ####......   12%         4    None
 Summon Hydra             Summ           ######....   12%         7    ######.
 Conjure Flame            Conj/Fire      ###.....     14%         3    None
 Ignite Poison            Fire/Tmut/Pois ###.....     14%         3    None
 Mephitic Cloud           Conj/Pois/Air  ###.....     14%         3    None
 Spider Form              Tmut/Pois      ###.......   14%         3    None
 Static Discharge         Conj/Air       ###.....     14%         3    None
 Death Channel            Necr           ######....   19%         6    #####..
 Bolt of Draining         Conj/Necr      #####.....   21%         5    ###....
 Bolt of Magma            Conj/Fire/Erth ####......   22%         5    ###....
 Deflect Missiles         Chrm/Air       ######....   24%         6    #####..
 Metabolic Englaciation   Hex/Ice        ####......   32%         5    ###....
 Silence                  Hex/Air        ####......   32%         5    ###....
 Yara's Violent Unravell  Hex/Tmut       ####......   32%         5    ###....
 Haunt                    Necr/Summ      ######....   34%         7    ######.
 Darkness                 Hex            #####.....   38%         6    #####..
 Invisibility             Hex            #####...     38%         6    #####..
 Airstrike                Air            ###.......   43%         4    None
 Ice Form                 Ice/Tmut       ###.....     43%         4    None
 Iskenderun's Mystic Bla  Conj           ###.....     43%         4    None
 Olgreb's Toxic Radiance  Pois           ###.....     43%         4    None
 Throw Icicle             Conj/Ice       ###.....     43%         4    None
 Iron Shot                Conj/Erth      #####.....   43%         6    #####..
 Statue Form              Tmut/Erth      #####....    43%         6    #####..
 Simulacrum               Ice/Necr       #####.....   75%         6    #####..
 Alistair's Intoxication  Tmut/Pois      ###.....     78%         5    ###....
 Blade Hands              Tmut           ###.......   78%         5    ###....
 Irradiate                Conj/Tmut      ###.......   78%         5    ###....
 Lightning Bolt           Conj/Air       ###.......   78%         5    ###....
 Venom Bolt               Conj/Pois      ###.......   78%         5    ###....
 Death's Door             Chrm/Necr      ######....   86%         8    #######
 Spellforged Servitor     Conj/Summ      #####.....   91%         7    ######.
 Bolt of Cold             Conj/Ice       ###.......   100%        6    #####..
 Bolt of Fire             Conj/Fire      ###.......   100%        6    #####..
 Conjure Ball Lightning   Conj/Air       ###.......   100%        6    #####..
 Freezing Cloud           Conj/Ice/Air   ###.......   100%        6    #####..
 Hydra Form               Tmut           ###.......   100%        6    #####..
 Ozocubu's Refrigeration  Ice            ###.......   100%        6    #####..
 Poison Arrow             Conj/Pois      ###.......   100%        6    #####..
 Dragon Form              Tmut           ###.......   100%        7    ######.
 Borgnjor's Revivificati  Necr           ######....   100%        8    #######
 Chain Lightning          Conj/Air       ###.......   100%        8    #######
 Discord                  Hex            #####.....   100%        8    #######
 Ignition                 Fire           ###.......   100%        8    #######
 Infestation              Necr           ######....   100%        8    #######
 Lehudib's Crystal Spear  Conj/Erth      #####.....   100%        8    #######
 Necromutation            Tmut/Necr      #####.....   100%        8    #######
 Dragon's Call            Summ           ######....   100%        9    #######
 Fire Storm               Conj/Fire      ###.......   100%        9    #######
 Glaciate                 Conj/Ice       ###.......   100%        9    #######
 Shatter                  Erth           ######....   100%        9    #######
 Tornado                  Air            ###.......   100%        9    #######


Dungeon Overview and Level Annotations

Branches:
Dungeon (15/15)            Temple (1/1) D:7            Lair (6/6) D:11
  Swamp (4/4) Lair:4       Spider (4/4) Lair:2        Slime (5/5) Lair:5
    Orc (2/2) D:11            Elf (3/3) Orc:2        Vaults (5/5) D:13
  Crypt (3/3) Vaults:3       Tomb (2/3) Crypt:3      Depths (5/5) D:15
   Hell (1/1)                 Dis (0/7) Hell            Geh (0/7) Hell
    Coc (6/7) Hell            Tar (1/7) Hell            Zot (5/5) Depths:5

Altars:
Ashenzari
Cheibriados
Dithmenos
Elyvilon
Fedhas
Gozag
Hepliaklqana
Kikubaaqudgha
Makhleb
Nemelex Xobeh
Okawaru
Qazlal
Ru
Sif Muna
Trog
Uskayaw
Vehumet
Wu Jian
Xom
Yredelemnul
Zin
The Shining One
Jiyva

Shops:
D:10 =   D:13 *   D:15 (%:*   Orc:2 (=([[*[   Elf:1 %   Elf:2 %   Elf:3 %
Vaults:3 }   Vaults:4 }:   Depths:1 =   Depths:2 }=}   Depths:4 *

Portals:
Hell: Depths:1 Depths:2 Depths:3 Depths:4 Depths:5
Abyss: Depths:4 Depths:5
Pandemonium: Depths:3
Ziggurat: Depths:4

Annotations:
Elf:3 1 runed door, kwasso's ghost, journeyman GnWn
Vaults:3 4 runed doors


Innate Abilities, Weirdness & Mutations

You are small and have problems with some larger weapons.
You are somewhat resistant to further mutation.
You are robust. (+10% HP)


Message History

The reaper resists.
Your eldritch tentacle claws the reaper!
Your eldritch tentacle sears the reaper!!
The reaper dies!
The necromancer moves out of view.
There is a gateway to Hell here.
The soul eater blinks!
The hungry ghost blinks!
The ufetubus blinks! x2
The hell hound blinks!
The translocation energy dissipates.
You are no longer teleporting projectiles to their destination.
* * * LOW HITPOINT WARNING * * *
You feel extremely sick.
Your eldritch tentacle closely misses the ufetubus.
Your eldritch tentacle claws the ufetubus!
The ufetubus dies!
You block the hell knight's attack. The hell hound breathes flames at you.
The blast of flame misses you.
You go up through the gate.
Welcome back to the Vestibule of Hell!
You die...

############ ############
...........###########.)...^.....
....##...###.........###)..##....
....##..##.............##†.##....
........#.......@.......#).......
........##.............##).......
.........####.......####....)....
.........#..##.....##..#)........
.........##.....#.....##.).......
..........##...###...##..........
...........##..#.#..##...........
............##.....##............
.............##'''##........)....


There were no monsters in sight!

Vanquished Creatures
  the Royal Jelly (Slime:5)
  4 ancient liches
  An orb of fire (Zot:1)
  3 juggernauts
  A greater mummy (Tomb:1)
  12 shard shrikes
  the Lernaean hydra (Swamp:4)
  7 caustic shrikes
  Margery (Depths:2)
  Geryon (Hell)
  A curse toe (Zot:2)
  6 golden dragons
  the Enchantress (Depths:5)
  4 bone dragons
  The ghost of Jynx the Warrior, a veteran GrFi of Okawaru (Vaults:3)
  An electric golem (Zot:1)
  Arachne (Spider:2)
  A hellephant (Abyss:3)
  10 liches
  Jorgrun (Spider:2)
  Rupert (D:12)
  18 tentacled monstrosities
  2 deep elf master archers (Elf:3)
  A shard shrike skeleton (Crypt:1)
  2 Ice Fiends (Coc:5)
  8 titans
  5 Orb Guardians (Zot:5)
  4 quicksilver dragons
  8 death cobs
  15 acid blobs
  2 deep elf blademasters (Elf:3)
  11 ancient champions
  2 tengu reavers
  9 sphinxes
  4 tentacled starspawn
  4 revenants
  13 frost giants
  7 shadow dragons
  Donald (Elf:2)
  5 draconian monks
  11 azure jellies
  12 storm dragons
  The ghost of DiMakss the Fencer, a journeyman DrWr of Okawaru (D:13)
  Louise (Spider:2)
  2 iron dragons
  12 fire giants
  7 draconian knights
  6 draconian scorchers
  7 ghost moths
  10 deep elf sorcerers
  26 vault wardens
  A balrug (Abyss:1)
  5 draconian shifters
  An orc warlord (Orc:2)
  12 ironheart preservers
  A juggernaut zombie (Crypt:1)
  5 reapers
  5 draconian stormcallers
  6 deep elf elementalists
  4 curse skulls
  A ghoul (Crypt:3)
  7 draconian annihilators
  3 emperor scorpions (Spider:4)
  24 stone giants
  9 entropy weavers
  3 spriggan defenders (Depths:5)
  3 war gargoyles
  6 vampire knights
  An elemental wellspring (Coc:5)
  21 very ugly things
  The ghost of Riddle the Thaumaturge, a journeyman GnEE of Hepliaklqana (Lair:6)
  8 deep elf demonologists
  3 lorocyprocas
  3 green draconians
  7 black draconians
  8 purple draconians
  14 yellow draconians
  5 white draconians
  The ghost of Gabide the Carver, a journeyman HuWn of Yredelemnul (D:15)
  5 spark wasps
  11 deep elf annihilators
  5 deep elf death magi
  7 red draconians
  A dire elephant (shapeshifter) (Vaults:5)
  3 crystal guardians
  A green death (Depths:4)
  2 death oozes
  2 blizzard demons
  3 eidola
  A merfolk impaler (Depths:2)
  17 ettins
  8 jiangshi
  13 great orbs of eyes
  10 mummy priests
  2 kraken zombies
  A merfolk javelineer (Depths:2)
  20 ogre magi
  8 deep elf high priests
  11 fire dragons
  17 yaktaur captains
  A hell beast (Depths:1)
  5 spriggan air magi
  3 catoblepae
  20 hydras
  9 rakshasas
  4 death knights
  15 ice dragons
  7 centaur warriors
  25 vault guards
  4 death scarabs
  29 dancing weapons
  8 thrashing horrors
  69 two-headed ogres
  10 deep troll shamans
  7 spriggan berserkers
  17 death yaks
  3 hell hogs
  A queen ant (Spider:3)
  7 alligators
  2 orc high priests (Orc:2)
  3 titan zombies
  4 deep troll earth magi
  13 vampire magi
  2 tengu warriors
  8 soul eaters
  24 hell knights
  9 spriggans
  A sun demon (Depths:1)
  25 deep elf knights
  Sonja (Lair:2)
  6 iron trolls
  5 wretched stars
  2 fire crabs
  19 small abominations
  2 sixfirhies (Abyss:1)
  6 glowing orange brains
  43 skeletal warriors
  6 spatial maelstroms
  2 shadow wraiths
  12 swamp dragons
  3 flayed ghosts
  3 anaconda zombies
  A glowing orange brain (shapeshifter) (Slime:4)
  4 unseen horrors
  A death drake (shapeshifter) (Depths:3)
  3 shambling mangroves
  A golden dragon zombie (Coc:3)
  15 deep trolls
  A swamp dragon (shapeshifter) (Depths:3)
  An unseen horror (shapeshifter) (Vaults:1)
  11 wizards
  2 spriggan druids (Swamp:4)
  15 deep elf archers
  9 phantasmal warriors
  2 shadow dragon zombies
  2 anaconda skeletons
  A death drake (Tar:1)
  19 ironbrand convokers
  12 necromancers
  A golden dragon skeleton (Coc:2)
  Pikel (D:4)
  2 orb spiders (shapeshifter)
  A wolf spider zombie (Crypt:3)
  72 deep elf magi
  16 orc knights
  A mana viper (shapeshifter) (Abyss:3)
  A salamander (shapeshifter) (Vaults:4)
  2 manticores (D:14)
  15 orb spiders
  9 shining eyes
  A fire giant zombie (Crypt:3)
  28 wolf spiders
  2 stone giant zombies
  9 orc sorcerers
  4 cyclopes
  60 ugly things
  A sphinx skeleton (Depths:1)
  3 worldbinders
  25 moths of wrath
  An iron dragon skeleton (Crypt:2)
  3 rust devils (Hell)
  A dire elephant zombie (Coc:6)
  An apocalypse crab (Abyss:1)
  10 elephants
  2 frost giant skeletons
  2 torpor snails
  3 black mambas
  14 vault sentinels
  An ice statue (Abyss:3)
  An orange demon (Abyss:2)
  A shock serpent zombie (Coc:2)
  8 smoke demons
  A stone giant skeleton (Crypt:3)
  2 molten gargoyles (Hell)
  Psyche (D:10)
  A spiny frog (shapeshifter) (Depths:1)
  2 eyes of devastation
  3 gargoyles
  21 spiny frogs
  5 tormentors
  An alligator snapping turtle skeleton (Crypt:3)
  9 komodo dragons
  3 hellwings
  7 kobold demonologists
  8 ice devils
  A hellion (Abyss:2)
  3 yaktaurs (shapeshifter)
  55 yaktaurs
  4 rime drakes
  A rime drake (shapeshifter) (Vaults:3)
  A green draconian skeleton (Crypt:3)
  A minotaur zombie (Crypt:3)
  16 freezing wraiths
  An entropy weaver simulacrum (Vaults:1)
  11 demonic crawlers
  13 guardian mummies
  A death yak skeleton (Crypt:1)
  9 ancient zymes
  A harpy zombie (Tomb:1)
  2 red devils
  3 tengu conjurers
  A merfolk (shapeshifter) (Depths:5)
  30 jumping spiders
  A polar bear (shapeshifter) (Abyss:1)
  11 trolls
  16 polar bears
  2 queen bees
  7 hydra zombies
  A silent spectre (Crypt:1)
  25 hornets
  23 tyrant leeches
  A raiju (Abyss:1)
  13 blink frogs
  4 hydra skeletons
  A blink frog (shapeshifter) (Vaults:2)
  9 hippogriffs
  A hippogriff (shapeshifter) (Vaults:4)
  5 bog bodies
  18 dream sheep
  138 slime creatures
  An ettin zombie (Coc:5)
  3 alligator zombies
  18 flying skulls
  3 air elementals
  A spriggan skeleton (Depths:1)
  14 water elementals
  A deep troll skeleton (Depths:1)
  71 redbacks
  12 wraiths
  74 yaks
  35 tarantellas
  3 fire dragon skeletons
  7 ynoxinuls
  3 alligator skeletons
  An ice dragon skeleton (Depths:1)
  2 tyrant leech zombies
  9 shadows
  3 wyverns
  8 fire elementals
  8 ushabtiu
  16 humans (D:13)
  2 yaks (shapeshifter)
  A fire bat (Volcano)
  12 golden eyes
  2 hungry ghosts
  6 basilisks
  5 chaos spawn
  4 neqoxecs
  Edmund (D:4)
  13 vampire mosquitoes
  12 wargs
  2 acid dragons
  A naga (shapeshifter) (Elf:2)
  10 swamp worms
  8 insubstantial wisps
  7 spatial vortices
  2 soldier ants (shapeshifter)
  22 soldier ants
  17 hell hounds
  2 gelid demonspawn skeletons
  2 spiny frog zombies
  14 large abominations
  15 water moccasins
  A floating eye (shapeshifter) (Depths:2)
  10 porcupines
  A monstrous demonspawn skeleton (Crypt:2)
  3 black bears
  A snapping turtle zombie (Coc:6)
  39 orc warriors
  A fire dragon simulacrum (Crypt:3)
  An ice dragon simulacrum (Depths:1)
  An ice beast (shapeshifter) (Vaults:3)
  5 ice beasts
  A manticore zombie (Crypt:2)
  2 phantoms
  A sky beast (D:6)
  15 swamp drakes
  3 necrophages
  2 slaves (D:4)
  A boggart (shapeshifter) (Depths:3)
  6 boggarts
  5 eyes of draining
  44 ogres
  A lindwurm skeleton (Crypt:2)
  23 wolves
  22 centaurs
  13 crocodiles
  7 big kobolds
  A crocodile (shapeshifter) (Abyss:2)
  28 bullfrogs
  2 earth elementals
  4 scorpions
  A cyclops skeleton (Crypt:2)
  A water moccasin skeleton (Crypt:1)
  A raiju zombie (Crypt:1)
  43 killer bees
  A troll zombie (Crypt:3)
  6 wights
  9 electric eels
  3 howler monkeys
  A raiju skeleton (Crypt:2)
  2 bullfrog zombies
  6 crimson imps
  8 lava snakes (Volcano)
  30 starcursed masses
  8 quasits
  3 centaur zombies
  3 jellies
  6 hounds
  3 bullfrog skeletons
  3 human zombies
  25 orc priests
  9 centaur skeletons
  4 iron imps
  33 worker ants
  31 orc wizards
  8 iguanas
  An ogre skeleton (Crypt:3)
  A sky beast zombie (Crypt:1)
  A dwarf skeleton (Crypt:1)
  A hound zombie (D:11)
  3 hound skeletons
  30 mummies
  3 worker ant zombies
  8 gnolls
  An adder (shapeshifter) (Vaults:3)
  14 adders
  4 shadow imps
  A swamp drake skeleton (Crypt:3)
  19 white imps
  4 ufetubi
  An ooze (D:2)
  An ooze (shapeshifter) (Vaults:5)
  An adder skeleton (D:4)
  3 worms
  5 dart slugs
  4 leopard geckos
  121 orcs
  6 giant cockroaches
  12 goblins
  6 hobgoblins
  30 kobolds
  7 quokkas
  4 bats
  3 frilled lizards
  2 jackal skeletons
  A jackal zombie (Crypt:2)
  A leopard gecko zombie (Crypt:3)
  An orc skeleton (Crypt:1)
  3 rats (D:2)
  A bush (Lair:6)
  3 crawling corpses
  3 fungi
  2 lurking horrors (Abyss:3)
  2 plants
  A starspawn tentacle (Abyss:3)
3193 creatures vanquished.

Vanquished Creatures (collateral kills)
  A greater mummy (Tomb:1)
  4 golden dragons
  2 tentacled monstrosities (Zot:4)
  Murray (Hell)
  A quicksilver dragon (Zot:2)
  4 sphinxes (Tomb:1)
  2 shadow dragons (Zot:4)
  2 ancient champions
  7 acid blobs
  2 storm dragons
  A draconian monk (Zot:2)
  3 azure jellies
  A draconian knight (Zot:2)
  A deep elf sorcerer (Zot:2)
  2 draconian shifters
  2 ghost moths
  A draconian scorcher (Zot:4)
  A juggernaut skeleton (Crypt:3)
  An ironheart preserver (Vaults:1)
  3 reapers
  2 draconian annihilators
  A stone giant (Vaults:5)
  A black draconian (Zot:2)
  4 green draconians
  4 white draconians
  4 yellow draconians
  A red draconian (Zot:2)
  A purple draconian (Zot:2)
  A death ooze (Slime:5)
  A mummy priest (Tomb:1)
  16 vault guards (Vaults:5)
  A death yak (Zot:2)
  A hell hog (Hell)
  4 skeletal warriors
  A soul eater (Hell)
  A glowing orange brain (Slime:4)
  An ironbrand convoker (Vaults:1)
  A fire giant zombie (Crypt:3)
  A cyclops (shapeshifter) (Vaults:5)
  A shining eye (Slime:4)
  30 slime creatures
  An eye of devastation (Slime:2)
  A storm dragon simulacrum (Tomb:2)
  A freezing wraith (Vaults:5)
  2 hellions (Hell)
  4 flying skulls
  An ushabti (Crypt:3)
  An ice dragon skeleton (Tar:1)
  2 fire elementals (Hell)
  A golden eye (Slime:5)
  2 alligator skeletons (Hell)
  3 hell hounds (Hell)
  2 eyes of draining
  A crimson imp (Hell)
  2 mummies (Crypt:3)
144 creatures vanquished.

Vanquished Creatures (others)
  A greater mummy (Tomb:1)
  44 eldritch tentacles
  An ancient champion (Tomb:1)
  A mummy priest (Tomb:1)
  A hell hog (Abyss:3)
  An anaconda skeleton (Hell)
  A phantasmal warrior (Crypt:3)
  A moth of wrath (Zot:5)
  A hydra skeleton (Hell)
  3 flying skulls (Tomb:1)
  A human (Crypt:1)
  A hell hound (Hell)
  An orc warrior (D:13)
  A crimson imp (Hell)
  An orc wizard (Orc:1)
  An iguana (D:6)
  2 mummies (Tomb:1)
  3 bushes
  12 fungi
  3 lurking horrors
  27 plants
  11 starspawn tentacles
  4 tentacles (Coc:6)
123 creatures vanquished.

Grand Total: 3460 creatures vanquished

Notes
Turn   | Place    | Note
-------+----------+-------------------------------------------
     0 | D:1      | Gunterle the Halfling Warper began the quest for the Orb.
     0 | D:1      | Reached XP level 1. HP: 14/14 MP: 3/3
   182 | D:1      | Reached XP level 2. HP: 19/19 MP: 4/4
   238 | D:1      | Learned a level 2 spell: Blink
   697 | D:1      | Learned a level 2 spell: Shroud of Golubria
   811 | D:2      | Reached XP level 3. HP: 17/24 MP: 5/5
  1502 | D:2      | Reached XP level 4. HP: 23/29 MP: 6/6
  2534 | D:2      | Reached skill level 4 in Translocations
  2608 | D:3      | Found a shattered altar of Ashenzari.
  2612 | D:3      | Became a worshipper of Ashenzari the Shackled
  2753 | D:3      | Reached XP level 5. HP: 29/34 MP: 7/7
  2961 | D:3      | Found a glowing golden altar of the Shining One.
  3004 | D:3      | Found an ornate altar of the Wu Jian Council.
  3158 | D:3      | Learned a level 3 spell: Teleport Other
  3169 | D:3      | Found a snail-covered altar of Cheibriados.
  3494 | D:4      | Noticed Pikel
  3495 | D:4      | Noticed a slave
  3495 | D:4      | Noticed a slave
  3495 | D:4      | Noticed a slave
  3831 | D:4      | Reached * piety under Ashenzari
  3949 | D:4      | Noticed a slave
  3978 | D:4      | Killed a slave
  3988 | D:4      | Killed a slave
  4168 | D:4      | Killed Pikel
  4168 | D:4      | Reached skill level 5 in Translocations
  4168 | D:4      | Reached XP level 6. HP: 41/41 MP: 7/9
  4168 | D:4      | Reached XP level 7. HP: 45/45 MP: 7/10
  4887 | D:4      | Noticed Edmund
  4943 | D:4      | Killed Edmund
  4943 | D:4      | Reached XP level 8. HP: 26/52 MP: 0/11
  4952 | D:4      | Learned a level 3 spell: Lesser Beckoning
  5280 | D:5      | Entered Level 5 of the Dungeon
  5540 | D:5      | Found a deep blue altar of Sif Muna.
  6116 | D:5      | Reached skill level 6 in Translocations
  6244 | D:5      | Reached skill level 5 in Long Blades
  7127 | D:6      | Reached ** piety under Ashenzari
  7140 | D:6      | Reached XP level 9. HP: 57/57 MP: 13/13
  7192 | D:6      | Reached skill level 5 in Throwing
  7937 | D:6      | Reached skill level 7 in Translocations
  8032 | D:6      | Learned a level 3 spell: Gell's Gravitas
  8105 | D:6      | Got the short sword "Nuxtifaj" {pierce, Str+4}
  8106 | D:6      | Identified the +2 short sword "Nuxtifaj" {pierce, Str+4}
                  | (You found it on level 6 of the Dungeon)
  8108 | D:6      | Found a radiant altar of Vehumet.
  9784 | D:7      | Found a staircase to the Ecumenical Temple.
  9792 | Temple   | Entered the Ecumenical Temple
 10296 | D:7      | Reached XP level 10. HP: 63/65 MP: 15/15
 10920 | D:8      | Reached skill level 8 in Translocations
 11092 | D:8      | Noticed a two-headed ogre
 11150 | D:8      | Killed a two-headed ogre
 12492 | D:9      | Reached skill level 5 in Fighting
 12779 | D:9      | Reached skill level 1 in Shields
 12964 | D:9      | Reached XP level 11. HP: 47/71 MP: 13/17
 12966 | D:9      | Reached skill level 9 in Translocations
 13461 | D:9      | Reached *** piety under Ashenzari
 13988 | D:9      | Learned a level 4 spell: Passage of Golubria
 13989 | D:10     | Entered Level 10 of the Dungeon
 14126 | D:10     | Noticed Psyche
 14222 | D:10     | Killed Psyche
 14300 | D:10     | Noticed a two-headed ogre
 14347 | D:10     | Killed a two-headed ogre
 14540 | D:10     | Learned a level 1 spell: Infusion
 14558 | D:10     | Found Etoudig's Jewellery Shoppe.
 15582 | D:11     | Paralysed by a hornet for 2 turns
 16031 | D:11     | Reached skill level 1 in Charms
 16254 | D:11     | Noticed a green ugly thing
 16274 | D:11     | Killed a red ugly thing
 17235 | D:11     | Found a staircase to the Lair.
 17272 | D:11     | Reached XP level 12. HP: 75/78 MP: 19/19
 17398 | D:11     | Found a staircase to the Orcish Mines.
 17998 | D:11     | Reached skill level 5 in Shields
 18150 | D:11     | Learned a level 2 spell: Song of Slaying
 18292 | D:11     | Noticed a two-headed ogre
 18301 | D:11     | Killed a two-headed ogre
 18462 | Lair:1   | Entered Level 1 of the Lair of Beasts
 18478 | Lair:1   | Reached skill level 10 in Translocations
 18574 | Lair:1   | Noticed an eight-headed hydra
 18621 | Lair:1   | Found a dark tunnel.
 18627 | Lair:1   | HP: 3/79 [poisoned by a spiny frog]
 18635 | Lair:1   | Reached skill level 5 in Spellcasting
 18646 | Volcano  | Entered a volcano
 19686 | Volcano  | Found a bloodstained altar of Trog.
 19686 | Volcano  | Noticed a centaur warrior
 19697 | Volcano  | Noticed a red draconian
 20781 | Lair:2   | Found a hazy altar of Hepliaklqana.
 21393 | Lair:2   | Found a hole to the Spider Nest.
 21468 | Lair:2   | Noticed Sonja
 21795 | Lair:2   | Killed Sonja
 21970 | Lair:2   | Reached skill level 10 in Long Blades
 21993 | Lair:2   | Reached XP level 13. HP: 75/86 MP: 20/20
 23643 | Lair:1   | Killed an eight-headed hydra
 23643 | Lair:1   | Reached skill level 1 in Evocations
 23787 | Lair:1   | Reached skill level 10 in Throwing
 25087 | Lair:3   | Noticed a five-headed hydra
 25100 | Lair:3   | Killed a five-headed hydra
 25217 | Lair:3   | Identified a scroll of acquirement
 25219 | Lair:3   | Found the cursed +8 autumn katana {slice, Clar}
 25352 | Lair:3   | Reached skill level 11 in Translocations
 25391 | Lair:3   | Noticed a catoblepas
 25523 | Lair:3   | Killed a catoblepas
 25523 | Lair:3   | Reached skill level 5 in Dodging
 26202 | Lair:3   | Reached XP level 14. HP: 92/95 MP: 15/21
 26412 | Lair:3   | Learned a level 1 spell: Apportation
 26701 | Lair:4   | Reached **** piety under Ashenzari
 26927 | Lair:4   | Found a frozen archway.
 26952 | IceCv    | Entered an ice cave
 28371 | IceCv    | Noticed a frost giant
 28391 | IceCv    | Killed a frost giant
 28391 | IceCv    | Reached skill level 5 in Charms
 28627 | IceCv    | Identified Sif Muna's Reference Book on the Snowflakes
 29243 | Lair:4   | Found a staircase to the Swamp.
 29718 | Lair:6   | Entered Level 6 of the Lair of Beasts
 29797 | Lair:5   | Reached XP level 15. HP: 86/103 MP: 22/22
 29837 | Lair:5   | Found a staircase to the Slime Pits.
 30389 | Lair:6   | Reached skill level 10 in Fighting
 30428 | Lair:6   | Found a runed door.
 30428 | Lair:6   | Found a shimmering altar of Xom.
 30428 | Lair:6   | Noticed Riddle's ghost (journeyman GnEE)
 30429 | Lair:6   | Identified the ring of Desh {Fire +Blink rElec MR+}
 30455 | Lair:6   | Reached skill level 5 in Evocations
 31312 | Lair:6   | Learned a level 3 spell: Regeneration
 31531 | Lair:6   | Reached skill level 12 in Translocations
 31746 | Lair:6   | Got the short sword "Bunadubi" {freeze, rC+}
 31747 | Lair:6   | Identified the +1 short sword "Bunadubi" {freeze, rC+} (You
                  | found it on level 6 of the Lair of Beasts)
 31846 | Lair:6   | Killed Riddle's ghost
 31859 | Lair:6   | HP: 7/157 [poisoned by Riddle's ghost]
 31864 | Lair:6   | HP: 6/157 [poisoned by Riddle's ghost]
 31869 | Lair:6   | HP: 6/157 [poisoned by Riddle's ghost]
 31876 | Lair:6   | HP: 6/157 [poisoned by Riddle's ghost]
 31884 | Lair:6   | HP: 7/157 [poisoned by Riddle's ghost]
 32391 | Orc:1    | Entered Level 1 of the Orcish Mines
 32683 | Orc:1    | Reached ***** piety under Ashenzari
 32991 | Orc:2    | Entered Level 2 of the Orcish Mines
 32991 | Orc:2    | Found Boecluh's Jewellery Boutique.
 33047 | Orc:2    | Found a staircase to the Elven Halls.
 33172 | Orc:1    | Reached XP level 16. HP: 78/111 MP: 9/24
 33403 | Orc:2    | Reached skill level 1 in Necromancy
 33452 | Orc:2    | Found Fumnav's Antique Weapon Shop.
 33460 | Orc:2    | Bought a crude hunting sling for 214 gold pieces
 33460 | Orc:2    | Identified the +5 hunting sling of Crusades {flame, rElec
                  | MR+ Int+4 Dex-3} (You bought it in a shop on level 2 of the
                  | Orcish Mines)
 33754 | Orc:2    | Found Coykhef's Weapon Shoppe.
 33787 | Orc:2    | Found Buni's Antique Armour Shoppe.
 33789 | Orc:2    | Found Avikka's Antique Armour Emporium.
 33864 | Orc:2    | Found Dikkossu's Antique Armour Shop.
 33891 | Orc:2    | Bought a pair of embroidered gloves for 180 gold pieces
 33960 | Orc:2    | Bought a twisted helmet for 237 gold pieces
 34017 | Orc:2    | Found Cilalued's General Store.
 34027 | Orc:2    | Bought the +2 ratskin cloak {+Rats rPois rN+ Str-1 Int-1
                  | Dex+1} for 472 gold pieces
 34027 | Orc:2    | Found the +2 ratskin cloak {+Rats rPois rN+ Str-1 Int-1
                  | Dex+1}
 34475 | D:12     | Learned a level 3 spell: Portal Projectile
 34665 | D:12     | Noticed Rupert
 34856 | D:12     | Found a shattered altar of Ashenzari.
 35325 | D:13     | Found Uskofad's General Store.
 35336 | D:13     | Noticed a frost giant
 35504 | D:13     | Found a transporter.
 35504 | D:13     | Noticed DiMakss's ghost (journeyman DrWr)
 35809 | D:13     | Found a transporter.
 36263 | D:13     | Paralysed by a wizard for 4 turns
 36376 | D:13     | Found a gate to the Vaults.
 37107 | D:14     | Found a gateway to a bazaar.
 37121 | Bazaar   | Entered a bazaar
 37136 | Bazaar   | Found Leqodosi's Book Shoppe.
 37157 | Bazaar   | Found Syipeci's Gadget Shoppe.
 37172 | Bazaar   | Found Cohadgh's Food Emporium.
 37172 | Bazaar   | Found Reemuq's Book Shoppe.
 37187 | Bazaar   | Found Nipsueka's Antique Weapon Shoppe.
 37226 | Bazaar   | Bought a manual of Fighting for 993 gold pieces
 37786 | D:15     | Entered Level 15 of the Dungeon
 37811 | D:15     | Reached XP level 17. HP: 118/118 MP: 5/26
 38106 | D:15     | Found Equdol's Book Boutique.
 38187 | D:15     | Found Zeydenyj's General Store.
 39247 | D:15     | Found a blossoming altar of Fedhas.
 39398 | D:15     | Found Moameo's Antique Weapon Shop.
 39790 | D:15     | Found Anateing's Food Emporium.
 39802 | D:15     | Found a staircase to the Depths.
 39844 | D:15     | Found a runed gate.
 39845 | D:15     | Noticed Gabide's ghost (journeyman HuWn)
 39846 | D:15     | Found a runed gate.
 39850 | D:15     | Found a runed gate.
 40187 | D:11     | Identified the +0 cloak of Bomest {Slay+2}
 40217 | Spider:1 | Entered Level 1 of the Spider Nest
 40857 | Spider:1 | HP: 6/121 [entropy weaver (1)]
 41439 | Spider:1 | Found the +1 cloak of Starlight {rElec rC+ EV+4 Stlth--}
 42133 | Spider:2 | Noticed Jorgrun
 42368 | Spider:2 | Killed Jorgrun
 42368 | Spider:2 | Reached XP level 18. HP: 83/128 MP: 11/28
 42381 | Spider:2 | Noticed Louise
 42628 | Spider:2 | Killed Louise
 42966 | Spider:2 | Noticed Arachne
 42979 | Spider:2 | Killed Arachne
 44057 | Spider:3 | Reached ****** piety under Ashenzari
 44720 | Spider:4 | Entered Level 4 of the Spider Nest
 45187 | Spider:4 | Reached skill level 10 in Dodging
 45667 | Spider:4 | Reached skill level 13 in Translocations
 46857 | Spider:4 | Reached XP level 19. HP: 87/137 MP: 1/30
 47099 | Spider:4 | Got a gossamer rune of Zot
 47648 | D:12     | Killed Rupert
 47720 | Elf:1    | Entered Level 1 of the Elven Halls
 48213 | Elf:1    | Found Ingurchum's Food Boutique.
 48314 | Elf:1    | Reached skill level 15 in Fighting
 48328 | Elf:1    | Noticed a Brimstone Fiend
 48329 | Elf:1    | Cast into level 2 of the Abyss (a deep elf demonologist)
 48345 | Elf:1    | Escaped the Abyss
 48468 | Elf:1    | Reached skill level 10 in Charms
 48551 | Elf:1    | Identified the Catalogue of Companions
 49631 | Elf:2    | Found Fuapuem's Food Boutique.
 49670 | Elf:2    | Noticed Donald
 49690 | Elf:2    | Killed Donald
 50191 | Elf:2    | Found a huge runed gate.
 50191 | Elf:2    | Found a huge runed gate.
 50191 | Elf:2    | Found a huge runed gate.
 50199 | Elf:2    | Found a huge runed gate.
 50200 | Elf:2    | Found a huge runed gate.
 51210 | Elf:3    | Entered Level 3 of the Elven Halls
 51299 | Elf:2    | Reached XP level 20. HP: 42/145 MP: 14/32
 51861 | Elf:3    | Found Cyuseiti's Food Emporium.
 52428 | Elf:3    | Found a runed door.
 52428 | Elf:3    | Found a shimmering altar of Xom.
 52428 | Elf:3    | Noticed kwasso's ghost (journeyman GnWn)
 52984 | Elf:3    | Identified the ring of Feascheyc {MR+ Int+4} (You took it
                  | off a deep elf knight on level 3 of the Elven Halls)
 52992 | Elf:3    | Got the rapier of Cheibriados's Approval {drain, Dex+3}
 53268 | Elf:3    | Identified the +8 rapier of Cheibriados's Approval {drain,
                  | Dex+3} (You took it off a deep elf knight on level 3 of the
                  | Elven Halls)
 54320 | Elf:3    | Reached skill level 14 in Translocations
 54568 | Elf:3    | Reached skill level 10 in Evocations
 54961 | Elf:3    | Identified the Grimoire of Curses
 55184 | Orc:2    | Bought bloodstained ice dragon scales for 1560 gold pieces
 55196 | Orc:2    | Identified the +1 ice dragon scales of the Ant {rF- rC++
                  | Dex+4} (You bought it in a shop on level 2 of the Orcish
                  | Mines)
 55356 | Swamp:1  | Entered Level 1 of the Swamp
 55706 | Lair:4   | Reached XP level 21. HP: 127/152 MP: 22/33
 55959 | Swamp:1  | Reached skill level 5 in Armour
 56890 | Swamp:2  | Reached skill level 1 in Hexes
 58071 | Swamp:4  | Entered Level 4 of the Swamp
 58989 | Swamp:4  | Noticed the 27-headed Lernaean hydra
 59724 | Swamp:4  | Got a decaying rune of Zot
 59809 | Swamp:4  | Identified the +0 helmet of Xom's Pride {-Tele rElec rPois
                  | SInv} (You bought it in a shop on level 2 of the Orcish
                  | Mines)
 60050 | Swamp:4  | Killed the 27-headed Lernaean hydra
 60371 | Vaults:1 | Entered Level 1 of the Vaults
 60469 | Vaults:1 | Found the +8 glaive of the Guard {elec, +Rage AC+5 SInv}
 60738 | Vaults:1 | Reached XP level 22. HP: 144/159 MP: 3/35
 60755 | Vaults:1 | Found a flickering gateway to a bazaar.
 60766 | Bazaar   | Entered a bazaar
 60780 | Bazaar   | Found Wybli's Antique Weapon Shoppe.
 60780 | Bazaar   | Found Ussumeud's Assorted Antiques.
 60801 | Bazaar   | Found Ifovou's Jewellery Shoppe.
 60801 | Bazaar   | Found Peenigemo's Weapon Emporium.
 60823 | Bazaar   | Found Cirahipo's Antique Armour Shoppe.
 60870 | Bazaar   | Bought the ring "Jiuqeps" {rF+ Slay+5} for 689 gold pieces
 61325 | Vaults:2 | Reached skill level 15 in Long Blades
 61879 | Vaults:1 | Learned a level 7 spell: Malign Gateway
 62297 | Vaults:1 | Reached skill level 1 in Summonings
 63727 | Vaults:2 | Reached skill level 15 in Translocations
 64311 | Vaults:3 | Reached XP level 23. HP: 145/165 MP: 25/36
 64563 | Vaults:3 | Found a staircase to the Crypt.
 65457 | Vaults:3 | Reached skill level 15 in Throwing
 65767 | Vaults:3 | Found Xaikofaq's Gadget Emporium.
 65884 | Vaults:3 | Found a large runed door.
 65885 | Vaults:3 | Found a large runed door.
 65890 | Vaults:3 | Found a large runed door.
 65890 | Vaults:3 | Found a large runed door.
 65890 | Vaults:3 | Found a large runed door.
 65890 | Vaults:3 | Found a large runed door.
 65890 | Vaults:3 | Found a large runed door.
 65890 | Vaults:3 | Noticed Jynx's ghost (veteran GrFi)
 65893 | Vaults:3 | Found a large runed door.
 65977 | Vaults:3 | Reached skill level 5 in Summonings
 66668 | Vaults:4 | Reached skill level 10 in Spellcasting
 67448 | Vaults:4 | Found Guurgh's Book Shop.
 67556 | Vaults:4 | Found Weatis's Gadget Boutique.
 67832 | Vaults:4 | Reached XP level 24. HP: 173/173 MP: 17/37
 67858 | Vaults:4 | Reached skill level 16 in Translocations
 68061 | Vaults:4 | Identified the +1 robe of Cowardice {+Fly rElec Dex+2} (You
                  | took it off an orc wizard on level 4 of the Vaults)
 68509 | Vaults:4 | Identified the Incunabulum of Transmigration
 70059 | Depths:1 | Entered Level 1 of the Depths
 70289 | Depths:1 | Found Totwaoff's Jewellery Boutique.
 70920 | Depths:1 | Got the scimitar of Veceif {flame, *Drain MR++}
 71413 | Depths:1 | Noticed a caustic shrike
 71430 | Depths:1 | Killed a caustic shrike
 71559 | Depths:1 | Found a gateway to Hell.
 72316 | Depths:2 | Noticed a golden dragon
 72321 | Depths:2 | Reached skill level 10 in Shields
 72329 | Depths:2 | Killed a golden dragon
 72353 | Depths:1 | HP: 6/173 [lich/poison arrow (5)]
 72951 | Depths:1 | Reached XP level 25. HP: 179/179 MP: 25/37
 73602 | Depths:2 | Found a portal to a secret trove of treasure.
 74012 | Depths:2 | Reached skill level 17 in Translocations
 74101 | Depths:2 | Found Onuluff's Gadget Boutique.
 74101 | Depths:2 | Found Qioqe's Jewellery Emporium.
 74102 | Depths:2 | Found Uvoppoq's Gadget Boutique.
 74354 | Depths:2 | Noticed a juggernaut
 74605 | Depths:2 | Killed a juggernaut
 75575 | Depths:3 | Found a one-way gate leading to the halls of Pandemonium.
 75888 | Depths:3 | Noticed a caustic shrike
 75888 | Depths:3 | Noticed a caustic shrike
 75888 | Depths:3 | Noticed a caustic shrike
 75888 | Depths:3 | Noticed a caustic shrike
 75889 | Depths:3 | Noticed a caustic shrike
 75899 | Depths:3 | Killed a caustic shrike
 76116 | Depths:3 | Killed a caustic shrike
 76124 | Depths:3 | Killed a caustic shrike
 76276 | Depths:3 | Killed a caustic shrike
 76307 | Depths:3 | Noticed a caustic shrike
 76380 | Depths:3 | Killed a caustic shrike
 76520 | Depths:3 | Noticed a juggernaut
 76581 | Depths:2 | Noticed Margery
 76748 | Depths:2 | Killed Margery
 76849 | Depths:3 | Killed a juggernaut
 77120 | Depths:3 | Reached XP level 26. HP: 152/187 MP: 20/37
 77398 | Depths:4 | Noticed a juggernaut
 78079 | Depths:3 | Killed a juggernaut
 79207 | Depths:4 | Reached skill level 18 in Translocations
 79292 | Depths:4 | Found Ugeneal's Blood Bar.
 79811 | Depths:4 | Identified the Catalogue of the Buccaneer
 79962 | Depths:4 | Found a gateway to a ziggurat.
 80660 | Depths:4 | Found a one-way gate to the infinite horrors of the Abyss.
 80724 | Depths:5 | Entered Level 5 of the Depths
 81530 | Depths:5 | Noticed the Enchantress
 81551 | Depths:5 | Killed the Enchantress
 81551 | Depths:5 | Identified the +5 faerie dragon scales {+Blink rF+ rN+++
                  | rCorr Int-2} (You took it off the Enchantress on level 5 of
                  | the Depths)
 81702 | Depths:5 | Found a gate to the Realm of Zot.
 81999 | Depths:5 | Found a blossoming altar of Fedhas.
 83217 | Depths:4 | Voluntarily entered the Abyss.
 83365 | Abyss:1  | Found a corrupted altar of Lugonu.
 83373 | Abyss:1  | Reached XP level 27. HP: 193/193 MP: 38/38
 83381 | Abyss:1  | Reached skill level 15 in Dodging
 83576 | Abyss:2  | Found a corrupted altar of Lugonu.
 83607 | Abyss:2  | Found a corrupted altar of Lugonu.
 83823 | Depths:4 | Escaped the Abyss
 84174 | Crypt:1  | Entered Level 1 of the Crypt
 85037 | D:15     | Identified the +0 cloak of Bomest {Slay+2}
 85062 | D:15     | Killed Gabide's ghost
 85062 | D:15     | Reached skill level 10 in Summonings
 85224 | D:13     | Killed DiMakss's ghost
 86165 | Crypt:1  | Found a runed door.
 86201 | Crypt:1  | Noticed an ancient lich
 86202 | Crypt:1  | Noticed an ancient lich
 86448 | Crypt:1  | Paralysed by an ancient lich for 3 turns
 86460 | Crypt:1  | Killed an ancient lich
 86460 | Crypt:1  | Reached skill level 19 in Translocations
 86468 | Crypt:1  | Killed an ancient lich
 86518 | Crypt:1  | Identified the Volume of Evil and Self-Knowledge
 87856 | Crypt:3  | Entered Level 3 of the Crypt
 90957 | Crypt:3  | Noticed an ancient lich
 91234 | Crypt:3  | Killed an ancient lich
 91867 | Crypt:3  | Found a staircase to the Tomb.
 91917 | Crypt:3  | Found an ancient bone altar of Kikubaaqudgha.
 91917 | Crypt:3  | Found a basalt altar of Yredelemnul.
 92053 | Crypt:3  | Identified the Tome of Creative Dark Arts
 92496 | Vaults:4 | Bought a book of the Warp for 1800 gold pieces
 92505 | Vaults:4 | Learned a level 8 spell: Controlled Blink
 93224 | Slime:1  | Entered Level 1 of the Pits of Slime
 93231 | Slime:1  | Reached skill level 15 in Shields
 94066 | Slime:2  | Gained mutation: You are weak. (Str -2) [a shining eye]
 94337 | Slime:2  | Gained mutation: You are frail. (-10% HP) [a shining eye]
 94522 | Slime:2  | Gained mutation: Your body sometimes deteriorates upon
                  | taking damage. [a shining eye]
 94970 | Slime:3  | Gained mutation: Your spells are a little easier to cast,
                  | but a little less powerful. [a shining eye]
 95098 | Slime:3  | Reached skill level 20 in Translocations
 95782 | Slime:5  | Entered Level 5 of the Pits of Slime
 95827 | Slime:5  | Gained mutation: You are very frail. (-20% HP) [a shining
                  | eye]
 95828 | Slime:5  | Gained mutation: Your body often deteriorates upon taking
                  | damage. [a shining eye]
 97108 | Slime:5  | Noticed the Royal Jelly
 97113 | Slime:5  | Identified the +4 scale mail of Viklonegh {Dex+3}
 97141 | Slime:5  | Identified the ring of Gozag's Whim {rC+++ MR+ Str-5 Int+3
                  | Dex-3}
 97194 | Slime:5  | Identified the +16 plate armour of Elyvilon's Whim {-Tele
                  | Str+4 Dex+4}
 97194 | Slime:5  | Identified the amulet "Codim" {Gourm MR+ Slay+3}
 97194 | Slime:5  | Found a viscous altar of Jiyva.
 97282 | Slime:5  | Killed the Royal Jelly
 97792 | Slime:5  | Got a slimy rune of Zot
 98058 | D:15     | Lost mutation: Your spells are a little easier to cast, but
                  | a little less powerful. [potion of mutation]
 98058 | D:15     | Lost mutation: Your body often deteriorates upon taking
                  | damage. [potion of mutation]
 98059 | D:15     | Lost mutation: Your body sometimes deteriorates upon taking
                  | damage. [potion of mutation]
 98059 | D:15     | Lost mutation: You are weak. (Str -2) [potion of mutation]
 98060 | D:15     | Lost mutation: You are very frail. (-20% HP) [potion of
                  | mutation]
 98060 | D:15     | Lost mutation: You are frail. (-10% HP) [potion of
                  | mutation]
 98060 | D:15     | Gained mutation: You are robust. (+10% HP) [potion of
                  | mutation]
 98071 | D:15     | Learned a level 8 spell: Disjunction
 98257 | Zot:1    | Entered Level 1 of the Realm of Zot
 98340 | Zot:1    | Reached skill level 5 in Slings
 98936 | Zot:1    | Identified a +2 pair of boots of running (You found it on
                  | level 1 of the Realm of Zot)
 99051 | Zot:1    | Reached skill level 10 in Slings
 99062 | Zot:1    | Reduced skill Throwing to level 15
 99250 | Zot:1    | Noticed an orb of fire
 99266 | Zot:1    | Killed an orb of fire
 99794 | Zot:1    | Reached skill level 15 in Slings
100061 | Depths:5 | Voluntarily entered the Abyss.
100079 | Abyss:2  | Found a corrupted altar of Lugonu.
100666 | Depths:5 | Escaped the Abyss
100675 | Depths:5 | Voluntarily entered the Abyss.
101022 | Abyss:1  | Reached skill level 21 in Translocations
101261 | Abyss:2  | Found a corrupted altar of Lugonu.
101651 | Abyss:3  | Found a corrupted altar of Lugonu.
101744 | Abyss:3  | Got an abyssal rune of Zot
101766 | Abyss:3  | Found a corrupted altar of Lugonu.
101771 | Depths:5 | Escaped the Abyss
102012 | Hell     | Entered the Vestibule of Hell
102012 | Hell     | Noticed Geryon
102078 | Hell     | Noticed Murray
102085 | Hell     | Killed Geryon
102534 | Hell     | Cast into level 5 of the Abyss (the power of Zot)
102534 | Abyss:5  | Entered Level 5 of the Abyss
102550 | Hell     | Escaped the Abyss
102844 | Vaults:5 | Entered Level 5 of the Vaults
103095 | Vaults:5 | Got a silver rune of Zot
104539 | Vaults:5 | Identified the cursed +0 plate armour "Busikuap" {rC+ rN+}
104755 | Vaults:5 | Got the dagger "Vubec Otra" {chaos, MR+ Int+4}
104756 | Vaults:5 | Identified the +6 dagger "Vubec Otra" {chaos, MR+ Int+4}
                  | (You found it on level 5 of the Vaults)
105537 | Zot:2    | Reached skill level 22 in Translocations
105564 | Zot:2    | Noticed an ancient lich
107087 | Zot:2    | Killed an ancient lich
107618 | Zot:2    | Learned a level 5 spell: Borgnjor's Vile Clutch
107751 | Zot:3    | Reached skill level 1 in Earth Magic
108055 | Zot:3    | Got the cursed long sword "Bokufai" {drain, *Noise rN+
                  | Int+2}
108616 | Zot:3    | Identified the +4 ring mail of the Lonely Ghosts {+Inv
                  | Int-5 SInv}
109785 | Depths:2 | You paid a toll of +3 gold dragon scales to enter a
                  | treasure trove
109786 | Trove    | Entered a treasure trove
110652 | Zot:4    | Identified the cursed +1 plate armour of the Other Side
                  | {rElec MR- Str+2 Int+3}
110688 | Zot:4    | Reached skill level 5 in Earth Magic
110713 | Zot:4    | Reached skill level 23 in Translocations
111474 | Zot:5    | Entered Level 5 of the Realm of Zot
112258 | Zot:5    | Noticed an ancient lich
112286 | Zot:5    | Noticed an orb of fire
112768 | Hell     | Reached skill level 5 in Necromancy
112887 | Hell     | Found a gateway to the ashen valley of Gehenna.
113018 | Hell     | Found a gateway to the Iron City of Dis.
113101 | Hell     | Found a gateway to the freezing wastes of Cocytus.
113373 | Hell     | Killed Murray
113534 | Hell     | Found a gateway to the decaying netherworld of Tartarus.
113575 | Coc:1    | Entered Level 1 of Cocytus
113892 | Coc:5    | Noticed a shard shrike
113898 | Coc:5    | Killed a shard shrike
114139 | Coc:6    | Noticed a shard shrike
114149 | Coc:6    | Killed a shard shrike
114156 | Coc:6    | Noticed a shard shrike
114157 | Coc:6    | Noticed a shard shrike
114163 | Coc:6    | Noticed a shard shrike
114176 | Coc:6    | Killed a shard shrike
114187 | Coc:6    | Killed a shard shrike
114191 | Coc:6    | Killed a shard shrike
114277 | Coc:6    | Noticed a shard shrike
114300 | Coc:6    | Killed a shard shrike
114342 | Coc:6    | HP: 7/222 [titan zombie (23)]
114605 | Coc:6    | Noticed a shard shrike
114608 | Coc:6    | Noticed a shard shrike
114608 | Coc:6    | Noticed a shard shrike
114609 | Coc:6    | Noticed a shard shrike
114611 | Coc:6    | Noticed a shard shrike
114612 | Coc:6    | Noticed a shard shrike
114613 | Coc:6    | Noticed a shard shrike
114613 | Coc:6    | Noticed a shard shrike
114626 | Coc:6    | Killed a shard shrike
114627 | Coc:6    | Killed a shard shrike
114632 | Coc:6    | Killed a shard shrike
114633 | Coc:6    | Killed a shard shrike
114867 | Coc:6    | Killed a shard shrike
114934 | Coc:6    | Killed a shard shrike
115291 | Vaults:3 | Killed Jynx's ghost
115418 | Tomb:1   | Entered Level 1 of the Tomb of the Ancients
115840 | Tomb:1   | Noticed a greater mummy
115841 | Tomb:1   | Noticed a greater mummy
115847 | Tomb:1   | Noticed a greater mummy
115858 | Tomb:1   | Noticed a greater mummy
115858 | Tomb:1   | Noticed a greater mummy
115862 | Tomb:1   | Noticed a greater mummy
115884 | Tomb:1   | Noticed a greater mummy
115970 | Tomb:1   | Noticed a greater mummy
115975 | Tomb:1   | Noticed a greater mummy
116025 | Tomb:1   | Noticed a greater mummy
116028 | Tomb:1   | Noticed a greater mummy
116029 | Tomb:1   | Noticed a greater mummy
116031 | Tomb:1   | Noticed a greater mummy
116042 | Tomb:1   | Noticed a greater mummy
116127 | Tomb:1   | Noticed a greater mummy
116419 | Tomb:1   | Noticed a greater mummy
116429 | Tomb:1   | Killed a greater mummy
116566 | Tomb:1   | Identified the ring of Naduqew {rF- rN+ MR+ Str+6 Stlth-}
                  | (You took it off a skeletal warrior on level 1 of the Tomb
                  | of the Ancients)
116652 | Tomb:1   | Killed a greater mummy
116865 | Tomb:2   | Noticed a greater mummy
116865 | Tomb:2   | Noticed a greater mummy
116868 | Tomb:2   | Noticed a greater mummy
116870 | Tomb:2   | Noticed a greater mummy
117117 | Tomb:1   | Killed a greater mummy
117117 | Tomb:1   | Reached skill level 24 in Translocations
117546 | D:13     | Bought a scroll of enchant armour for 135 gold pieces
117546 | D:13     | Bought a +2 buckler of cold resistance for 387 gold pieces
117668 | Tar:1    | Entered Level 1 of Tartarus
117694 | Tar:1    | HP: 5/223 [poison (dark miasma)]
117695 | Hell     | Succumbed to poison (dark miasma)

Skill      XL: |  1  2  3  4  5  6  7  8  9 10 11 12 13 14 15 16 17 18 19 20 21 22 23 24 25 26 27 |
---------------+----------------------------------------------------------------------------------+-----
Fighting       | 2 3 4 5 7 8 9 10 11 13 14 15 16 17 20 | 20.6
Throwing       | 2 3 4 6 7 8 9 10 11 12 13 14 15 16 12 | 12.8
Translocations | 4 5 6 7 8 9 10 11 12 13 14 15 16 17 18 24 | 24.0
Long Blades    | 3 4 5 6 7 9 10 11 12 13 14 15 16 | 16.6
Armour         | 2 3 4 7 8 |  8.5
Spellcasting   | 2 3 4 5 6 7 8 9 10 11 14 | 14.2
Shields        | 1 4 6 7 8 10 11 13 18 | 18.7
Charms         | 1 3 5 6 7 8 9 10 11 12 13 | 13.2
Dodging        | 3 5 6 7 8 9 10 11 12 13 14 18 | 18.9
Evocations     | 2 4 5 6 7 8 9 10 | 10.0
Necromancy     | 2 5 |  5.2
Hexes          | 3 |  3.5
Summonings     | 3 5 6 8 9 10 | 10.6
Slings         | 20 | 20.4
Earth Magic    | 9 |  9.8

Action                   |  1- 3 |  4- 6 |  7- 9 | 10-12 | 13-15 | 16-18 | 19-21 | 22-24 | 25-27 || total
-------------------------+-------+-------+-------+-------+-------+-------+-------+-------+-------++-------
Melee: Falchion          |    13 |       |       |       |       |       |       |       |       ||    13
       Dagger            |    93 |    45 |       |       |       |       |       |       |       ||   138
       Long sword        |       |    22 |     1 |       |       |       |       |       |       ||    23
       Short sword       |       |    68 |   297 |   390 |    20 |       |       |       |       ||   775
       Rapier            |       |       |    77 |    31 |    15 |     2 |    12 |       |       ||   137
       Scimitar          |       |       |       |    71 |   151 |       |       |       |       ||   222
       Katana            |       |       |       |       |   396 |   863 |   538 |  1010 |  4680 ||  7487
 Fire: Hunting sling     |       |       |     3 |   138 |   544 |   639 |  1060 |   456 |   805 ||  3645
       Blowgun           |       |       |       |   119 |       |       |    13 |       |     9 ||   141
       Fustibalus        |       |       |       |       |       |       |       |   100 |   664 ||   764
Throw: Stone             |     5 |    33 |    55 |    80 |    16 |    11 |     9 |    10 |    90 ||   309
       Tomahawk          |       |       |    62 |    77 |    41 |   106 |    28 |    54 |    32 ||   400
       Throwing net      |       |       |       |       |       |       |       |       |     3 ||     3
 Cast: Blink             |       |       |    33 |    58 |    40 |    12 |    10 |    17 |    45 ||   215
       Shroud of Golubri |       |       |     4 |    44 |    67 |   103 |   104 |    75 |   242 ||   639
       Teleport Other    |       |       |     1 |       |       |       |       |       |       ||     1
       Lesser Beckoning  |       |       |       |     9 |     3 |    23 |     3 |    17 |   247 ||   302
       Gell's Gravitas   |       |       |       |    13 |     5 |     2 |     9 |    26 |    16 ||    71
       Passage of Golubr |       |       |       |     1 |       |       |       |     5 |    10 ||    16
       Infusion          |       |       |       |     5 |    59 |    63 |    59 |    77 |   254 ||   517
       Song of Slaying   |       |       |       |       |     4 |    23 |     5 |       |     9 ||    41
       Regeneration      |       |       |       |       |     7 |    40 |    34 |    67 |   260 ||   408
       Portal Projectile |       |       |       |       |       |    73 |   123 |    92 |   178 ||   466
       Apportation       |       |       |       |       |       |       |    38 |    38 |   124 ||   200
       Malign Gateway    |       |       |       |       |       |       |       |       |    45 ||    45
       Disjunction       |       |       |       |       |       |       |       |       |    15 ||    15
       Controlled Blink  |       |       |       |       |       |       |       |       |     7 ||     7
Invok: Curse Item        |       |       |       |     2 |     1 |     2 |     5 |     3 |     5 ||    18
       Scrying           |       |       |       |     1 |       |     1 |     9 |       |    28 ||    39
       Transfer Knowledg |       |       |       |       |       |       |       |       |     1 ||     1
 Abil: Evoke Flight      |       |       |       |       |       |     1 |       |       |       ||     1
       Evoke Ratskin     |       |       |       |       |       |     1 |     3 |     2 |       ||     6
       Evoke Berserk Rag |       |       |       |       |       |       |     1 |     1 |     6 ||     8
Evoke: Wand              |       |       |     2 |    44 |     6 |     5 |    14 |    17 |    46 ||   134
       Lightning rod     |       |       |       |       |       |     1 |       |    20 |    20 ||    41
       Lamp of fire      |       |       |       |       |       |       |     1 |     2 |     6 ||     9
       Fan of gales      |       |       |       |       |       |       |       |     1 |     3 ||     4
       Sack of spiders   |       |       |       |       |       |       |       |     1 |     1 ||     2
       Phial of floods   |       |       |       |       |       |       |       |       |     3 ||     3
  Use: Scroll            |     1 |     6 |     8 |    16 |     6 |     7 |    10 |    17 |    32 ||   103
       Potion            |       |     3 |     1 |    19 |     7 |     4 |     7 |     4 |    30 ||    75
 Stab: Sleeping          |     1 |     2 |     1 |     3 |       |     3 |       |       |       ||    10
       Distracted        |       |       |       |       |       |     1 |     1 |     1 |    15 ||    18
       Confused          |       |       |       |       |       |       |       |       |     2 ||     2
       Petrifying        |       |       |       |       |       |       |       |       |     2 ||     2
       Petrified         |       |       |       |       |       |       |       |       |     2 ||     2
       Paralysed         |       |       |       |       |       |       |       |       |     2 ||     2
  Eat: Chunk             |     2 |     8 |    15 |    34 |    36 |    48 |    29 |    35 |   102 ||   309
       Ration            |       |       |     2 |     3 |     3 |       |     3 |     3 |    27 ||    41
Armor: Leather armour    |    12 |    11 |    78 |    77 |    86 |   187 |    28 |       |       ||   479
       Skin              |       |    15 |       |       |     3 |       |       |       |       ||    18
       Ice dragon scales |       |       |       |       |       |       |    82 |   187 |   178 ||   447
       Acid dragon scale |       |       |       |       |       |       |       |       |   573 ||   573
Dodge: Dodged            |    47 |    60 |   271 |   302 |   313 |   657 |   344 |   548 |  3540 ||  6082
Block: Buckler           |       |       |       |    23 |   124 |   253 |   239 |   449 |  1488 ||  2576
       Reflection        |       |       |       |       |       |       |     3 |       |    12 ||    15
       Shield            |       |       |       |       |       |       |       |       |   595 ||   595
       Rpst.: Falchion   |     3 |       |       |       |       |       |       |       |       ||     3
       Long sword        |       |     3 |       |       |       |       |       |       |       ||     3
       Scimitar          |       |       |       |    20 |    23 |       |       |       |       ||    43
       Katana            |       |       |       |       |    42 |   147 |    59 |   104 |   577 ||   929
